 Dungeon Crawl Stone Soup version 0.18-a0-1789-gbeff17f (webtiles) character file.

451 M4edhros the Vandal (level 7, -6/41 HPs)
             Began as an Octopode Necromancer on Apr 21, 2016.
             Was an Initiate of Cheibriados.
             Mangled by an ogre
             ... wielding a +0 giant club
              (18 damage)
             ... on level 5 of the Dungeon.
             The game lasted 00:14:10 (2125 turns).

M4edhros the Vandal (Octopode Necromancer)          Turns: 2125, Time: 00:14:10

Health: -6/41      AC:  1    Str:  8    XL:     7   Next: 4%
Magic:  2/10       EV: 12    Int: 18    God:    Cheibriados [......]
Gold:   193        SH:  0    Dex: 16    Spells: 2 memorised, 6 levels left

rFire  . . .     SeeInvis .     k - +1 greatsling
rCold  . . .     Gourm    .     (no shield)
rNeg   . . .     Faith    .     (helmet restricted)
rPois  .         Spirit   .     (no amulet)
rElec  .         Dismiss  .     (no ring)
rCorr  .         Reflect  .     (no ring)
SustAt .         Harm     .     (no ring)
MR     .....                    (no ring)
Stlth  +++.......               (no ring)
                                (no ring)
                                (no ring)
                                (no ring)

@: regenerating (expiring), very slow, not resistant to hostile enchantments,
fairly stealthy
A: almost no armour, amphibious, 8 rings, constrict 8, camouflage 1, gelatinous
body 1
a: Bend Time, Renounce Religion


You were on level 5 of the Dungeon.
You worshipped Cheibriados.
Cheibriados was noncommittal.
You were hungry.

You visited 2 branches of the dungeon, and saw 6 of its levels.

You collected 193 gold pieces.

Inventory:

Hand Weapons
 k - a +1 greatsling (weapon)
Armour
 d - a +0 large shield
Scrolls
 f - 2 scrolls of immolation
Potions
 h - a potion of flight
 l - 2 potions of cure mutation
 n - a potion of agility {unknown}
Books
 a - a book of Necromancy

   Spells                             Type                      Level
   a - Pain                           Necromancy                   1
   b - Animate Skeleton               Necromancy                   1
   c - Vampiric Draining              Necromancy                   3
   d - Regeneration                   Charms/Necromancy            3
   e - Animate Dead                   Necromancy                   4
   f - Control Undead                 Necromancy                   4
Comestibles
 b - 4 bread rations
 c - a beef jerky


   Skills:
 + Level 6.4 Slings
 - Level 2.0 Dodging
 - Level 2.6 Stealth
 + Level 1.1 Shields
 - Level 1.8 Unarmed Combat
 - Level 2.0 Spellcasting
 - Level 4.0 Necromancy


You had 6 spell levels left.
You knew the following spells:

 Your Spells              Type           Power        Failure   Level  Hunger
a - Pain                  Necr           ###.         3%          1    #......
b - Regeneration          Chrm/Necr      #.........   24%         3    ###....


Dungeon Overview and Level Annotations

Branches:
Dungeon (5/15)             Temple (1/1) D:5

Altars:
Cheibriados
Dithmenos
Elyvilon
Gozag
Kikubaaqudgha
Ru
Yredelemnul
The Shining One


Innate Abilities, Weirdness & Mutations

You cannot wear most types of armour.
You are amphibious.
You can wear up to eight rings at the same time.
You can use your tentacles to constrict eight enemies at once.
Your skin changes colour to match your surroundings (Stealth).
Your rubbery body absorbs attacks (AC +1).


Message History

Aim: an ogre, wielding a giant club (moderately wounded)
You shoot a stone. The stone hits the ogre.
The ogre is moderately wounded.
The ogre barely misses you.
Firing (i - inventory):
g - a stone (quivered)
Press: ? - help, Shift-Dir - straight line, f/p - ogre
Aim: an ogre, wielding a giant club (moderately wounded)
You shoot a stone. The stone hits the ogre.
The ogre is heavily wounded.
The ogre hits you with a giant club!!
Ouch! That really hurt!
* * * LOW HITPOINT WARNING * * *
Drink which item? (? for menu, Esc to quit)
You feel better.
Casting: Regeneration
Confirm with . or Enter, or press ? or * to list all spells.
Your skin crawls.
Your skin is crawling a little less now.
The ogre hits you with a giant club!!
You die...

#.# #.### .## #.#.#
..##
#...#######...##.
#.#.............
#.#.....# ....#
#.#)...>##...#
#####..........(##.##
#.......##..@O.((..(#
#.#####......#..####<
#.# #.##...#..# #.#
#......#.... #.#
#.##...#.##.#
#.#####.##.#.#.# ...
#.........#....#
###.#
###..##.##.#.### #.#
#..##.##.#.# #.# #


You could see an ogre.

Vanquished Creatures
  An ogre (D:5)
  2 giant frogs
  A centaur skeleton (D:4)
  Jessica (D:3)
  An orc wizard (D:4)
  3 worker ants (D:4)
  2 adders
  2 giant geckos
  10 orcs
  A ball python (D:4)
  7 bats
  A giant cockroach (D:1)
  6 goblins
  8 hobgoblins
  11 jackals
  A quokka (D:3)
  6 giant newts
  9 kobolds
  A rat (D:1)
74 creatures vanquished.

Notes
Turn   | Place    | Note
--------------------------------------------------------------
     0 | D:1      | M4edhros the Octopode Necromancer began the quest for the Orb.
     0 | D:1      | Reached XP level 1. HP: 11/11 MP: 3/3
   116 | D:2      | Reached skill level 1 in Unarmed Combat
   132 | D:2      | Reached XP level 2. HP: 13/17 MP: 0/5
   143 | D:2      | Found a faded altar to an unknown god.
   327 | D:3      | Noticed Jessica
   337 | D:3      | Killed Jessica
   337 | D:3      | Reached skill level 2 in Slings
   337 | D:3      | Reached XP level 3. HP: 7/21 MP: 6/6
   378 | D:3      | Learned a level 3 spell: Regeneration
   624 | D:1      | Reached XP level 4. HP: 20/27 MP: 2/7
   692 | D:1      | Reached skill level 3 in Slings
  1094 | D:4      | Noticed an ice beast
  1418 | D:4      | HP: 1/27 [worker ant (6)]
  1427 | D:4      | Reached skill level 4 in Slings
  1427 | D:4      | Reached XP level 5. HP: 6/31 MP: 2/8
  1630 | D:4      | Reached skill level 5 in Slings
  1662 | D:4      | Reached XP level 6. HP: 24/36 MP: 6/9
  1729 | D:4      | Found a sacrificial altar of Ru.
  1978 | D:5      | Entered Level 5 of the Dungeon
  1988 | D:5      | Learned a level 3 spell: Regeneration
  1993 | D:5      | Found a staircase to the Ecumenical Temple.
  1997 | Temple   | Entered the Ecumenical Temple
  2007 | Temple   | Became a worshipper of Cheibriados the Contemplative
  2037 | D:5      | Reached skill level 6 in Slings
  2111 | D:5      | Reached skill level 1 in Shields
  2111 | D:5      | Reached XP level 7. HP: 37/41 MP: 3/10
  2125 | D:5      | Mangled by an ogre

Vault maps used:
D:1:      eino_arrival_druids_welcome
D:2:      ecumenical_altar_2
D:3:      corexii_hall_statues_x, uniq_jessica
D:4:      first_bread, nicolae_ru_great_annihilating_truth, uniq_blork_the_orc,
          uniq_robin
D:5:      kennysheep_little_box, minmay_temple_entry_glassed_door, led_xom_imps
Temple:   circular_temple_12

Skill      XL: |  1  2  3  4  5  6 |
---------------+-------------------+-----
Unarmed Combat | 1 |  1.8
Slings         | 2 4 5 6 |  6.4
Shields        | 1 |  1.1
Dodging        | |  2.0
Stealth        | |  2.6
Spellcasting   | |  2.0
Necromancy     | |  4.0

Action                   |  1- 3 |  4- 6 |  7- 9 || total
-------------------------+-------+-------+-------++-------
Melee: Unarmed           |    33 |    45 |       ||    78
       Constrict         |    11 |     9 |       ||    20
       Tentacles         |     4 |     9 |       ||    13
 Fire: Greatsling        |    18 |    62 |     7 ||    87
Throw: Stone             |       |     3 |       ||     3
 Cast: Pain              |     8 |    29 |       ||    37
       Regeneration      |     5 |    13 |     1 ||    19
  Use: Potion            |     4 |     3 |     1 ||     8
       Scroll            |       |     9 |       ||     9
 Stab: Sleeping          |     1 |       |       ||     1
       Invisible         |     1 |       |       ||     1
  Eat: Chunk             |       |     2 |       ||     2
       Meat ration       |       |     1 |       ||     1
Armor: Skin              |     3 |     6 |       ||     9
Dodge: Dodged            |    34 |    57 |     2 ||    93
